 Dungeon Crawl Stone Soup version 0.28.0 (webtiles) character file.

Game seed: 7805423811775650280

138 Host24 the Bolt Thrower (level 5, -5/32 HPs)
             Began as a Kobold Hunter on Mar 5, 2022.
             Killed by divine providence
             ... invoked by an orc priest
              (13 damage)
             ... on level 3 of the Dungeon.
             The game lasted 00:03:47 (3129 turns).

Host24 the Bolt Thrower (Kobold Hunter)             Turns: 3129, Time: 00:03:47

Health: -5/32      AC:  3    Str: 11    XL:     5   Next: 45%
Magic:  5/5        EV: 15    Int: 13    God:
Gold:   121        SH:  0    Dex: 15    Spells: 4/4 levels left

rFire   . . .      SeeInvis .   a - +1 hand crossbow
rCold   . . .      Faith    .   (no shield)
rNeg    . . .      Spirit   .   c - +0 leather armour
rPois   .          Reflect  .   (no helmet)
rElec   .          Harm     .   (no cloak)
rCorr   .          Rampage  .   (no gloves)
Will    .....                   (no boots)
Stlth   +++.......              (no amulet)
HPRegen 0.10/turn               (no ring)
MPRegen 0.09/turn               (no ring)

@: no status effects
A: small, no large weapons, nightstalker 3
a: no special abilities


You were on level 3 of the Dungeon.
You visited 1 branch of the dungeon, and saw 3 of its levels.

You collected 154 gold pieces.
You spent 33 gold pieces at shops.

Inventory:

Hand Weapons
 a - a +1 hand crossbow (weapon)
 b - a +0 short sword
Missiles
 d - 32 bolts (quivered ammo)
 e - 34 stones
 n - a throwing net
 o - 25 arrows
Armour
 c - a +0 leather armour (worn)
Scrolls
 f - 4 scrolls of immolation {unknown}
 i - 4 scrolls of enchant armour {unknown}
 j - 4 scrolls of identify {unknown}
 k - a scroll of noise {unknown}
 l - a scroll of teleportation
Potions
 g - a potion of might {unknown}
 h - 2 potions of flight {unknown}
 m - a potion of ambrosia {unknown}


   Skills:
 - Level 3.0 Fighting
 + Level 6.5 Crossbows
 - Level 4.0 Dodging
 - Level 1.3 Stealth


You had 4 spell levels left.
You didn't know any spells.
Your spell library was empty.

Dungeon Overview and Level Annotations

Branches:
Dungeon (3/15)

Altars:

Shops:
D:2 *


Innate Abilities, Weirdness & Mutations

You are small and have problems with some larger weapons.
You are completely attuned to the shadows.


Message History

The orc priest is moderately wounded.
Fire: 37 bolts
Press: ? - help, Q - select action, (/) - cycle Shift-Dir - straight line, f/p - orc priest
Aim: an orc priest, wielding a +0 flail and wearing a +0 ring mail (heavily wounded, 70% to hit)
You shoot a bolt. The bolt closely misses the orc priest.
The bolt hits the orc priest but does no damage.
The orc priest is moderately wounded.
The orc priest barely misses you.
The orc priest calls down the wrath of Beogh upon you.
Pain shoots through your body!
Fire: 36 bolts
Press: ? - help, Q - select action, (/) - cycle Shift-Dir - straight line, f/p - orc priest
Aim: an orc priest, wielding a +0 flail and wearing a +0 ring mail (heavily wounded, 70% to hit)
You shoot a bolt. The bolt hits the orc priest!
You kill the orc priest!
Fire: 35 bolts
Press: ? - help, Q - select action, (/) - cycle Shift-Dir - straight line, f - orc priest
Aim: an orc priest, wielding a +0 flail and wearing a +0 chain mail (moderately wounded, 73% to hit)
You shoot a bolt.
The bolt hits the orc priest but does no damage.
The orc priest is moderately wounded.
The orc priest calls down the wrath of Beogh upon you.
Beogh smites you!
* * * LOW HITPOINT WARNING * * *
The orc priest completely misses you.
Fire: 34 bolts
Press: ? - help, Q - select action, (/) - cycle Shift-Dir - straight line, f/p - orc priest
Aim: an orc priest, wielding a +0 flail and wearing a +0 chain mail (moderately wounded, 73% to hit)
You shoot a bolt.
The bolt hits the orc priest but does no damage.
The orc priest is moderately wounded.
The orc priest begins to cast a cantrip, but forgets the words!
Fire: 33 bolts
Press: ? - help, Q - select action, (/) - cycle Shift-Dir - straight line, f/p - orc priest
Aim: an orc priest, wielding a +0 flail and wearing a +0 chain mail (moderately wounded, 73% to hit)
You shoot a bolt. The bolt hits the orc priest!
The orc priest is almost dead.
The orc priest invokes the aid of Beogh against you.
Beogh smites you!
You die...

#.# #.# #.# #.#
#.# #.#### #.#
#..... .....# #.#
###### .....# #.#
.....# #.#
.(...###########.#
#....((o@........#
##...##########..#
#...# #........#
#...# #.#####.##
##### #.# #.# #.#
#.# #.#####.#
#.......#
#########


You could see an orc priest.

Vanquished Creatures
  An orc priest (D:3)
  4 gnolls
  3 adders
  A dart slug (D:1)
  4 endoplasms
  2 giant cockroaches (D:2)
  2 hobgoblins
  2 jackals (D:1)
  A kobold (D:3)
  A quokka (D:1)
  5 ball pythons
  3 bats (D:1)
  6 frilled lizards
  6 goblins
  2 rats (D:1)
43 creatures vanquished.

Vanquished Creatures (others)
  5 toadstools (D:1)
5 creatures vanquished.

Grand Total: 48 creatures vanquished

Notes
Turn   | Place    | Note
-------+----------+-------------------------------------------
     0 | D:1      | Host24 the Kobold Hunter began the quest for the Orb.
     0 | D:1      | Reached XP level 1. HP: 12/12 MP: 1/1
    57 | D:1      | Reached skill level 5 in Crossbows
   221 | D:1      | Reached XP level 2. HP: 4/18 MP: 2/2
  1186 | D:1      | Reached XP level 3. HP: 23/23 MP: 3/3
  1809 | D:2      | Reached XP level 4. HP: 22/28 MP: 4/4
  1900 | D:2      | Found Ehosemext's General Store.
  1903 | D:2      | Bought a scroll of teleportation for 33 gold pieces
  1987 | D:2      | Found a faded altar of an unknown god.
  2723 | D:3      | Reached XP level 5. HP: 27/32 MP: 5/5
  2891 | D:3      | Reached skill level 6 in Crossbows
  3129 | D:3      | Killed from afar by an orc priest

Illustrated notes

Levels and vault maps discovered:
D:1:      amcnicky_arrival_single_pillar, layout_loops_cross,
          hangedman_decor_clover_reticule, minmay_misc_feat_more_columns,
          chequers_mini_garden, amcnicky_mini_pool_small,
          minmay_gold_behind_fungi
D:2:      layout_basic, shapermc_ecumenical_altar_notcrosses, serial_shops,
          nicolae_shop_behind_doors
D:3:      layout_basic, hangedman_decor_points, minmay_unequal

Skill      XL: |  1  2  3  4  5 |
---------------+----------------+-----
Crossbows      | 5 6 |  6.5
Fighting       | 3 |  3.0
Dodging        | 3 4 |  4.0
Stealth        | |  1.3

Action                   |  1- 3 |  4- 6 || total
-------------------------+-------+-------++-------
Melee: Short sword       |    94 |    32 ||   126
       Punch             |     3 |       ||     3
 Fire: Hand crossbow     |     6 |    29 ||    35
 Stab: Sleeping          |     9 |     3 ||    12
Armor: Leather armour    |    23 |     8 ||    31
Dodge: Dodged            |    73 |    49 ||   122
